 Dungeon Crawl Stone Soup version 0.29.0-4-gdea44cf6ec (webtiles) character file.

Game seed: 4968676385395355781

98 qw the Chopper (level 4, -7/26 HPs)
             Began as a Tengu Warper on Aug 29, 2022.
             Killed from afar by an orc wizard (10 damage)
             ... with a puff of flame
             ... on level 3 of the Dungeon.
             The game lasted 00:00:50 (2553 turns).

qw the Chopper (Tengu Warper)                       Turns: 2553, Time: 00:00:50

Health: -7/26      AC:  5    Str: 14    XL:     4   Next: 69%
Magic:  8/8        EV: 12    Int: 13    God:
Gold:   184        SH:  0    Dex: 13    Spells: 7/7 levels left

rFire   . . .      SeeInvis .   Y - +2 hand axe
rCold   + . .      Faith    .   (no shield)
rNeg    . . .      Spirit   .   b - +0 leather armour
rPois   .          Reflect  .   (helmet restricted)
rElec   .          Harm     .   (no cloak)
rCorr   .          Rampage  .   i - +1 pair of gloves {Stlth+}
Will    .....                   (boots unavailable)
Stlth   ++........              (no amulet)
HPRegen 0.08/turn               (no ring)
MPRegen 0.11/turn               (no ring)

@: confused
A: beak, talons 3, cold resistance 1
a: no special abilities


You were on level 3 of the Dungeon.
You visited 1 branch of the dungeon, and saw 3 of its levels.

You collected 184 gold pieces.


Innate Abilities, Weirdness & Mutations

You have a beak for a mouth.
You have claws for feet.
Your flesh is cold resistant. (rC+)


   Skills:
 - Level 2.0 Fighting
 + Level 5.2 Axes
 - Level 1.0 Throwing
 - Level 1.1 Armour
 - Level 2.1 Dodging
 - Level 2.0 Spellcasting
 - Level 2.4 Translocations


You had 7 spell levels left.
You didn't know any spells.
Your spell library contained the following spells:

 Spells                   Type           Power      Damage    Failure   Level
 Blink                    Tloc           14%        N/A       19%         2
 Gell's Gravitas          Tloc           7%         N/A       34%         3
 Lesser Beckoning         Tloc           7%         N/A       34%         3
 Teleport Other           Tloc           7%         N/A       34%         3
 Manifold Assault         Tloc           7%         N/A       97%         5

Inventory:

Hand Weapons
 h - a +0 whip
 Y - a +2 hand axe (weapon)
Missiles
 f - 3 boomerangs (quivered)
Armour
 b - a +0 leather armour (worn)
 g - a +0 ring mail
 i - a +1 pair of gloves of stealth (worn)
Scrolls
 a - a scroll of identify
 c - 2 scrolls of enchant armour {unknown}
 k - a scroll of brand weapon {unknown}
Potions
 d - a potion of mutation
 e - a potion of resistance
 j - a potion of lignification {unknown}
 l - 3 potions of flight {unknown}

Dungeon Overview and Level Annotations

Branches:
Dungeon (3/15)

Altars:
Kikubaaqudgha


Message History

2539 ||| Stepping ~*~*~tactically~*~*~ (hiding).
You start waiting.
An orc wizard is nearby!
The orc wizard casts a spell at you. The puff of flame hits you!
Ouch! That really hurt!
Things that are here:
a +0 short sword; a kobold skeleton The orc wizard points at you and mumbles some strange words.
You are confused.
Found a scroll labelled MEOLLA HAHEVA.
The orc wizard points at you and mumbles some strange words.
You are more confused.
The orc wizard hits you but does no damage.
You closely miss the orc wizard.
The orc wizard gestures at you while chanting.
You resist with some effort.
You bump into the rock wall.
The orc wizard hits you with a +0 dagger.
The orc wizard completely misses you. The orc wizard casts a spell at you.
The magic dart hits you!
You closely miss the orc wizard. The orc wizard barely misses you.
You hit the orc wizard but do no damage.
Your kick misses the orc wizard.
The orc wizard gestures at you while chanting.
The magic dart hits you.
The orc wizard mumbles some strange words.
The orc wizard flickers and vanishes!
Deactivating autopickup; reactivate with Ctrl-A.
You're too confused to attack without stumbling around!
There is a strange disturbance nearby!
Something hits you but does no damage.
You're too confused to attack without stumbling around!
There is a strange disturbance nearby!
You hear some strange, mumbled words.
A puff of flame appears from out of thin air!
The puff of flame hits you!
You die...

#######################
?........)....)........
####...##############
#.{.# #@..# #......#
#......# #......#
######## ###### ..g.#
### ....# .....


There were no monsters in sight!

Vanquished Creatures
  An orc wizard (D:3)
  3 adders
  A dart slug (D:1)
  3 orcs (D:3)
  2 ball pythons (D:1)
  3 endoplasms
  2 giant cockroaches
  2 goblins
  2 hobgoblins
  6 kobolds
  5 quokkas
  4 bats
  2 frilled lizards (D:1)
  3 rats
39 creatures vanquished.

Vanquished Creatures (others)
  4 withered plants (D:3)
4 creatures vanquished.

Grand Total: 43 creatures vanquished

Notes
Turn   | Place    | Note
-------+----------+-------------------------------------------
     0 | D:1      | qw the Tengu Warper began the quest for the Orb.
     0 | D:1      | Reached XP level 1. HP: 12/12 MP: 4/4
     0 | D:1      | 0 ||| qw: Version: 0.1-a-89-g26bdef1
     0 | D:1      | 0 ||| qw: Game counter: 3447
     0 | D:1      | 0 ||| qw: Always use a shield: true
     0 | D:1      | 0 ||| qw: God list: Okawaru
     0 | D:1      | 0 ||| qw: Allow faded altars: false
     0 | D:1      | 0 ||| qw: Do Orc after D:15 true
     0 | D:1      | 0 ||| qw: Do second Lair branch before Depths: true
     0 | D:1      | 0 ||| qw: Lair rune preference: random
     0 | D:1      | 0 ||| qw: Plans: Normal
     0 | D:1      | 0 ||| PLANNING D:1-11
   291 | D:1      | Reached skill level 3 in Axes
   291 | D:1      | Reached XP level 2. HP: 9/17 MP: 6/6
   521 | D:1      | 521 ||| DROPPING +0 club.
   737 | D:1      | 737 ||| READING 2 scrolls labelled SAPLICROBYDO.
   738 | D:1      | 738 ||| DROPPING scroll of blinking.
   739 | D:1      | 739 ||| Stepping randomly (stuck).
   896 | D:1      | 896 ||| Stepping ~*~*~tactically~*~*~ (hiding).
   905 | D:1      | HP: 4/17 [poisoned by a kobold]
  1247 | D:1      | Found a faded altar of an unknown god.
  1386 | D:1      | 1386 ||| READING scroll labelled LYCUSA RUMMARGH.
  1391 | D:1      | 1391 ||| READING scroll labelled CENTED TI HIA.
  1392 | D:1      | 1392 ||| DRINKING 2 silvery potions.
  1392 | D:1      | Gained mutation: Your flesh is cold resistant. (rC+)
                  | [potion of mutation]
  1475 | D:2      | Reached skill level 4 in Axes
  1475 | D:2      | Reached XP level 3. HP: 20/21 MP: 7/7
  1809 | D:2      | 1809 ||| UPGRADING to +1 pair of gloves of stealth.
  1814 | D:2      | 1814 ||| READING 2 scrolls labelled NOIZ TYMMAG.
  1815 | D:2      | 1815 ||| READING scroll of enchant weapon.
  1815 | D:2      | 1815 ||| ENCHANTING +1 hand axe.
  1816 | D:2      | 1816 ||| READING 3 scrolls of identify.
  1816 | D:2      | 1816 ||| IDENTIFYING sapphire potion
  1817 | D:2      | 1817 ||| READING 2 scrolls of identify.
  1817 | D:2      | 1817 ||| IDENTIFYING viscous amethyst potion
  2017 | D:3      | 2017 ||| FLEEEEING.
  2018 | D:3      | 2018 ||| FLEEEEING.
  2019 | D:3      | 2019 ||| FLEEEEING.
  2125 | D:3      | 2125 ||| Stepping ~*~*~tactically~*~*~ (stealth).
  2126 | D:3      | 2126 ||| Stepping ~*~*~tactically~*~*~ (stealth).
  2136 | D:3      | 2136 ||| Stepping ~*~*~tactically~*~*~ (stealth).
  2137 | D:3      | 2137 ||| Stepping ~*~*~tactically~*~*~ (stealth).
  2138 | D:3      | 2138 ||| Stepping ~*~*~tactically~*~*~ (stealth).
  2139 | D:3      | 2139 ||| Stepping ~*~*~tactically~*~*~ (stealth).
  2141 | D:3      | 2141 ||| Stepping ~*~*~tactically~*~*~ (stealth).
  2143 | D:3      | Found an ancient bone altar of Kikubaaqudgha.
  2144 | D:3      | 2144 ||| Stepping ~*~*~tactically~*~*~ (stealth).
  2250 | D:3      | Reached XP level 4. HP: 26/26 MP: 8/8
  2317 | D:3      | 2317 ||| FLEEEEING.
  2318 | D:3      | 2318 ||| FLEEEEING.
  2319 | D:3      | 2319 ||| FLEEEEING.
  2320 | D:3      | 2320 ||| FLEEEEING.
  2321 | D:3      | 2321 ||| FLEEEEING.
  2322 | D:3      | 2322 ||| FLEEEEING.
  2323 | D:3      | 2323 ||| FLEEEEING.
  2324 | D:3      | 2324 ||| FLEEEEING.
  2325 | D:3      | 2325 ||| FLEEEEING.
  2342 | D:3      | 2342 ||| FLEEEEING.
  2343 | D:3      | 2343 ||| FLEEEEING.
  2344 | D:3      | 2344 ||| FLEEEEING.
  2345 | D:3      | 2345 ||| FLEEEEING.
  2346 | D:3      | 2346 ||| FLEEEEING.
  2347 | D:3      | 2347 ||| FLEEEEING.
  2348 | D:3      | 2348 ||| FLEEEEING.
  2349 | D:3      | 2349 ||| FLEEEEING.
  2354 | D:3      | 2354 ||| FLEEEEING.
  2359 | D:3      | HP: 6/26 [something (3)]
  2360 | D:3      | 2360 ||| DRINKING potion of heal wounds.
  2362 | D:3      | 2362 ||| FLEEEEING.
  2363 | D:3      | 2363 ||| FLEEEEING.
  2364 | D:3      | 2364 ||| FLEEEEING.
  2365 | D:3      | 2365 ||| FLEEEEING.
  2366 | D:3      | 2366 ||| FLEEEEING.
  2367 | D:3      | 2367 ||| FLEEEEING.
  2368 | D:3      | 2368 ||| FLEEEEING.
  2369 | D:3      | 2369 ||| FLEEEEING.
  2371 | D:3      | 2371 ||| FLEEEEING.
  2372 | D:3      | 2372 ||| FLEEEEING.
  2375 | D:3      | Reached skill level 5 in Axes
  2375 | D:3      | 2375 ||| FLEEEEING.
  2376 | D:3      | 2376 ||| FLEEEEING.
  2377 | D:3      | 2377 ||| FLEEEEING.
  2378 | D:3      | 2378 ||| FLEEEEING.
  2379 | D:3      | 2379 ||| FLEEEEING.
  2380 | D:3      | 2380 ||| FLEEEEING.
  2381 | D:3      | 2381 ||| FLEEEEING.
  2382 | D:3      | 2382 ||| FLEEEEING.
  2383 | D:3      | 2383 ||| FLEEEEING.
  2384 | D:3      | 2384 ||| FLEEEEING.
  2385 | D:3      | 2385 ||| FLEEEEING.
  2386 | D:3      | 2386 ||| FLEEEEING.
  2387 | D:3      | 2387 ||| FLEEEEING.
  2388 | D:3      | 2388 ||| FLEEEEING.
  2389 | D:3      | 2389 ||| FLEEEEING.
  2390 | D:3      | 2390 ||| FLEEEEING.
  2391 | D:3      | 2391 ||| FLEEEEING.
  2392 | D:3      | 2392 ||| FLEEEEING.
  2393 | D:3      | 2393 ||| FLEEEEING.
  2394 | D:3      | 2394 ||| FLEEEEING.
  2395 | D:3      | 2395 ||| FLEEEEING.
  2396 | D:3      | 2396 ||| FLEEEEING.
  2397 | D:3      | 2397 ||| FLEEEEING.
  2398 | D:3      | 2398 ||| FLEEEEING.
  2535 | D:3      | 2535 ||| Stepping ~*~*~tactically~*~*~ (stealth).
  2537 | D:3      | 2537 ||| Stepping ~*~*~tactically~*~*~ (stealth).
  2539 | D:3      | 2539 ||| Stepping ~*~*~tactically~*~*~ (hiding).
  2549 | D:3      | HP: 5/26 [orc wizard/magic dart (7)]
  2553 | D:3      | Killed from afar by an orc wizard

Levels and vault maps discovered:
D:1:      dpeg_arrival_solitude, layout_loops_ring,
          shapermc_ecumenical_altar_petra, kennysheep_minor_cross,
          supply_closet_lemuel, wander_ebering_terrifying_dragon_lair
D:2:      layout_rooms
D:3:      layout_basic, kiku_gazebo_garden_becter

Skill      XL: |  1  2  3  4 |
---------------+-------------+-----
Axes           | 3 4 5 |  5.2
Fighting       | |  2.0
Throwing       | |  1.0
Armour         | |  1.1
Dodging        | |  2.1
Spellcasting   | |  2.0
Translocations | |  2.4

Action                   |  1- 3 |  4- 6 || total
-------------------------+-------+-------++-------
Melee: Hand axe          |    55 |    17 ||    72
       Kick              |    15 |     2 ||    17
       Peck              |     6 |     1 ||     7
Throw: Boomerang         |    47 |     5 ||    52
  Use: Scroll            |     7 |       ||     7
       Potion            |     1 |     1 ||     2
Armor: Leather armour    |    20 |     8 ||    28
Dodge: Dodged            |    33 |     8 ||    41

Table legend:
 A = Non-vault XP
 B = Vault XP
 C = Vault XP percentage of total XP
 D = Non-vault monster count
 E = Vault monster count
 F = Vault count percentage of total count
                 A         B        C        D         E       F
            +---------+---------+-------+---------+---------+-------
      Total |     139 |       1 |   0.7 |      38 |       1 |   2.6
            +---------+---------+-------+---------+---------+-------
        D:1 |      30 |       1 |   3.2 |      17 |       1 |   5.6
        D:2 |      26 |       0 |   0.0 |       8 |       0 |   0.0
        D:3 |      83 |       0 |   0.0 |      13 |       0 |   0.0
            +---------+---------+-------+---------+---------+-------
